 Dungeon Crawl Stone Soup version 0.23-a0-49-gd9f7a49 (webtiles) character file.

480 Lew the Sneak (level 6, -1/47 HPs)
             Began as a Demonspawn Assassin on Aug 7, 2018.
             Slain by an orc warrior
             ... wielding a +0 short sword
              (10 damage)
             ... on level 5 of the Dungeon.
             The game lasted 00:28:13 (5844 turns).

Lew the Sneak (Demonspawn Assassin)                 Turns: 5844, Time: 00:28:14

Health: -1/47      AC:  8    Str: 12    XL:     6   Next: 86%
Magic:  6/6        EV: 10    Int: 12    God:
Gold:   64         SH:  8    Dex: 16    Spells: 5/5 levels left

rFire    . . .     SeeInvis .   s - +2 hand axe
rCold    + . .     Gourm    +   t - +1 shield {AC+3}
rNeg     . . .     Faith    .   v - +0 leather armour
rPois    .         Spirit   .   (helmet restricted)
rElec    .         Reflect  .   d - +1 cloak
rCorr    .         Harm     .   (no gloves)
MR       +....                  (no boots)
Stlth    +++.......             j - amulet "Poropt" {Gourm MR+}
HPRegen  0.15/turn              (no ring)
MPRegen  0.10/turn              (no ring)

@: no status effects
A: horns 1, cold resistance 1, demonic guardian 1
a: no special abilities


You were on level 5 of the Dungeon.
You were very hungry.

You visited 1 branch of the dungeon, and saw 5 of its levels.

You collected 267 gold pieces.
You spent 203 gold pieces at shops.

Inventory:

Hand Weapons
 a - a +2 dagger
 b - a +0 blowgun
 r - a +0 falchion
 s - a +2 hand axe (weapon)
Missiles
 e - 39 poisoned needles
 u - 7 needles of sleeping
 x - 4 tomahawks (quivered)
Armour
 c - a +0 robe
 d - a +1 cloak (worn)
 t - a +1 shield of protection (worn)
 v - a +0 leather armour (worn)
Jewellery
 j - the amulet "Poropt" (around neck) {Gourm MR+}
   (You found it on level 5 of the Dungeon)

   [amulet of the gourmand]

   It allows you to eat raw meat even when not hungry.
   It affects your resistance to hostile enchantments.
Wands
 k - a wand of iceblast (9)
Scrolls
 f - a scroll of fog
 i - 4 scrolls of teleportation
 q - 3 scrolls of identify
Potions
 h - a potion of brilliance
 l - 3 potions of curing
 m - 3 potions of agility
 n - 2 potions of resistance
 o - a potion of might
 p - 2 potions of flight
Comestibles
 g - 7 rations


   Skills:
 * Level 3.1 Fighting
 - Level 2.4 Short Blades
 * Level 3.2 Axes
 - Level 1.7 Throwing
 * Level 2.6 Dodging
 + Level 4.2 Stealth
 - Level 3.0 Unarmed Combat


You had 5 spell levels left.
You didn't know any spells.
Your spell library was empty.

Dungeon Overview and Level Annotations

Branches:
Dungeon (5/15)
 Temple: D:4-7

Altars:
Dithmenos
Sif Muna

Shops:
D:4 *:!=[   D:5 %

Annotations:
D:4 Duvessa, Eustachio


Innate Abilities, Weirdness & Mutations

You have a pair of small horns on your head.
Your flesh is cold resistant. (rC+)
A weak demonic guardian rushes to your aid.


Message History

The orc wizard points at you and mumbles some strange words.
The magic dart hits you!
Your shadow imp hits the orc warrior.
You are too injured to fight recklessly!
Unknown command.
You are too injured to fight recklessly!
You are too injured to fight recklessly!
You hit the orc warrior but do no damage.
The orc warrior is moderately wounded.
You hit the orc wizard.
The orc wizard hits you but does no damage.
The orc warrior hits you with a short sword!
* * * LOW HITPOINT WARNING * * *
Your shadow imp hits the orc warrior.
The orc wizard points at you and mumbles some strange words.
The magic dart hits you!
* * * LOW HITPOINT WARNING * * *
You block the orc warrior's attack.
Your shadow imp hits the orc wizard.
The orc warrior hits you with a short sword!
You die...

.........# #...
.........#....... #...
.........#..%.... #...
.........#....... #...
.........#....... #...
.........#....... ##...
................. #....
........o5...# #....
........o@<..# #....
####...#.....# #....
#...#$....#########....
#...#..................
#...#..................
#...#................##
#...#.....#.....####.#
#.....#.###.# #.#
#.....#.# #.# #.#


You could see an orc warrior, an orc wizard and a friendly shadow imp.

Vanquished Creatures
  Dowan (D:4)
  2 jellies (D:5)
  An orc wizard (D:3)
  An iguana (D:3)
  3 worker ants
  A gnoll (D:3)
  7 adders
  A shadow imp (D:5)
  3 worms
  4 dart slugs
  5 leopard geckos
  9 orcs
  4 giant cockroaches
  6 goblins
  5 hobgoblins
  15 jackals
  5 kobolds
  4 quokkas
  2 ball pythons
  2 bats
  A frilled lizard (D:1)
  8 rats
90 creatures vanquished.

Vanquished Creatures (collateral kills)
  A bullfrog zombie (D:5)
  A hound (D:4)
  A bullfrog skeleton (D:5)
  2 iguanas (D:5)
  2 gnolls (D:3)
  An orc (D:5)
8 creatures vanquished.

Grand Total: 98 creatures vanquished

Notes
Turn   | Place    | Note
-------+----------+-------------------------------------------
     0 | D:1      | Lew the Demonspawn Assassin began the quest for the Orb.
     0 | D:1      | Reached XP level 1. HP: 16/16 MP: 1/1
    18 | D:1      | Reached skill level 1 in Dodging
    74 | D:1      | Gained mutation: You have a pair of small horns on your head. [demonic ancestry]
    74 | D:1      | Reached XP level 2. HP: 22/22 MP: 2/2
   625 | D:1      | Gained mutation: A weak demonic guardian rushes to your aid. [demonic ancestry]
   625 | D:1      | Reached XP level 3. HP: 23/28 MP: 3/3
  1067 | D:2      | Reached skill level 4 in Stealth
  1348 | D:2      | Found a shadowy altar of Dithmenos.
  1563 | D:2      | Gained mutation: Your flesh is cold resistant. (rC+) [demonic ancestry]
  1563 | D:2      | Reached XP level 4. HP: 32/34 MP: 4/4
  2049 | D:3      | Reached skill level 1 in Unarmed Combat
  2705 | D:3      | Found a deep blue altar of Sif Muna.
  2709 | D:3      | Reached XP level 5. HP: 35/40 MP: 5/5
  4098 | D:4      | Found Yduag's Antique Armour Boutique.
  4111 | D:4      | Bought a glowing shield for 165 gold pieces
  4225 | D:4      | Found Cuott's General Store.
  4240 | D:4      | Bought 7 needles of sleeping for 38 gold pieces
  4321 | D:4      | Found Ovy Uwal's Distillery.
  4335 | D:4      | Reached skill level 1 in Axes
  4336 | D:4      | Found Rorphic's Book Boutique.
  4460 | D:4      | Reached XP level 6. HP: 45/46 MP: 6/6
  4548 | D:4      | Noticed Dowan
  4570 | D:4      | Killed Dowan
  4578 | D:4      | Noticed Duvessa
  4595 | D:4      | Found Ysugug's Jewellery Shoppe.
  4595 | D:4      | Noticed Eustachio
  4729 | D:5      | Entered Level 5 of the Dungeon
  5442 | D:5      | Got a crude sapphire amulet
  5443 | D:5      | Identified the amulet "Poropt" {Gourm MR+} (You found it on level 5 of the Dungeon)
  5658 | D:5      | Found Uwkocsuyr's Food Boutique.
  5829 | D:5      | Noticed an orc warrior
  5844 | D:5      | Slain by an orc warrior

Vault maps used:
D:1:      minmay_arrival_stone_box, minmay_tromino_v4_a
D:2:      overflow_temple_1_default, serial_park_tiny_pond,
          minmay_stone_trees_small
D:3:      led_sif_pool
D:4:      marbit_many_paths, lemuel_round_altar, serial_shops,
          nicolae_shop_window_shopping, shop, nicolae_shop_waterfront, shop,
          kennysheep_little_box, uniq_eustachio, uniq_duvessa
D:5:      serial_shops, kennysheep_mini_moat, first_ration, dk_noncrumbling_3

Skill      XL: |  1  2  3  4  5  6 |
---------------+-------------------+-----
Dodging        | 1 2 |  2.6
Short Blades   | 2 |  2.4
Stealth        | 4 |  4.2
Unarmed Combat | 1 3 |  3.0
Axes           | 1 3 |  3.2
Fighting       | 3 |  3.1
Throwing       | |  1.7

Action                   |  1- 3 |  4- 6 || total
-------------------------+-------+-------++-------
Melee: Dagger            |   120 |    54 ||   174
       Headbutt          |    13 |    50 ||    63
       Unarmed           |       |   134 ||   134
       Hand axe          |       |   100 ||   100
       Punch             |       |     1 ||     1
Throw: Throwing net      |       |     1 ||     1
  Use: Scroll            |     9 |    10 ||    19
       Potion            |     1 |     1 ||     2
 Stab: Sleeping          |    12 |     6 ||    18
       Invisible         |       |     5 ||     5
       Distracted        |       |     1 ||     1
  Eat: Ration            |     1 |     1 ||     2
       Chunk             |       |     8 ||     8
Armor: Robe              |    21 |    73 ||    94
       Leather armour    |       |     6 ||     6
Dodge: Dodged            |    74 |   150 ||   224
Block: Shield            |       |    53 ||    53

Table legend:
 A = Spawn XP
 B = Non-spawn XP
 C = Spawn XP percentage of total XP
 D = Spawn monster count
 E = Non-spawn monster count
 F = Spawn count percentage of total count
 G = Total turns spent on level
                    A         B        C        D         E        F      G
               +---------+---------+-------+---------+---------+-------+---------
         Total |       0 |     686 |   0.0 |       0 |      98 |   0.0 |  5844
               +---------+---------+-------+---------+---------+-------+---------
           D:1 |       0 |      42 |   0.0 |       0 |      22 |   0.0 |   884
           D:2 |       0 |      63 |   0.0 |       0 |      21 |   0.0 |  1093
           D:3 |       0 |     193 |   0.0 |       0 |      30 |   0.0 |  2036
           D:4 |       0 |     152 |   0.0 |       0 |      11 |   0.0 |   716
           D:5 |       0 |     236 |   0.0 |       0 |      14 |   0.0 |  1115
               +---------+---------+-------+---------+---------+-------+---------
